 Dungeon Crawl Stone Soup version 0.25.1-2-g60ff931df9 (webtiles) character file.

Game seed: 9109799823421841019

42 Exodus22XD the Poker (level 3, 27/27 HPs)
             Began as a Demonspawn Gladiator on Nov 7, 2020.
             Quit the game on level 1 of the Dungeon.
             The game lasted 00:00:51 (973 turns).

Exodus22XD the Poker (Demonspawn Gladiator)          Turns: 973, Time: 00:00:52

Health: 27/27      AC:  4    Str: 15    XL:     3   Next: 33%
Magic:  3/3        EV: 13    Int:  9    God:
Gold:   88         SH:  0    Dex: 14    Spells: 2/2 levels left

rFire    . . .     SeeInvis .   a - +0 trident
rCold    . . .     Gourm    .   (no shield)
rNeg     . . .     Faith    .   b - +0 leather armour
rPois    .         Spirit   +   c - +0 helmet
rElec    .         Reflect  .   (no cloak)
rCorr    .         Harm     .   (no gloves)
MR       .....                  (no boots)
Stlth    +.........             (no amulet)
HPRegen  0.09/turn              (no ring)
MPRegen  0.08/turn              (no ring)

@: no status effects
A: talons 1, magic shield
a: no special abilities


You were on level 1 of the Dungeon.
You were not hungry.

You visited 1 branch of the dungeon, and saw 2 of its levels.

You collected 88 gold pieces.

Inventory:

Hand Weapons
 a - a +0 trident (weapon)
Missiles
 d - 3 throwing nets (quivered)
Armour
 b - a +0 leather armour (worn)
 c - a +0 helmet (worn)
Scrolls
 i - 2 scrolls of identify {unknown}
 j - 2 scrolls of remove curse {unknown}
Potions
 e - a potion of stabbing {unknown}
 h - a potion of brilliance {unknown}
 k - a potion of resistance {unknown}
 l - a potion of curing {unknown}
Comestibles
 f - 2 rations
 g - a chunk of flesh


   Skills:
 + Level 2.1 Fighting
 + Level 3.4 Polearms
 - Level 1.7 Throwing
 + Level 0.5 Armour
 + Level 3.1 Dodging
 + Level 0.4 Stealth


You had 2 spell levels left.
You didn't know any spells.
Your spell library was empty.

Dungeon Overview and Level Annotations

Branches:
Dungeon (2/15)

Altars:
Dithmenos


Innate Abilities, Weirdness & Mutations

You have sharp toenails.
When hurt, damage is shared between your health and your magic reserves.


Message History

No target in view!
You see here 11 arrows.
You open the door.
j - 2 scrolls labeled PYEDYNL OHUAT (gained 1)
A giant cockroach comes into view.
A giant cockroach is nearby!
A giant cockroach is nearby!
A giant cockroach is nearby!
A giant cockroach is nearby!
Attack whom?
Press: ? - help, Dir - move target cursor, f - giant cockroach
Aim: a giant cockroach (asleep)
You reach to attack!
The helpless giant cockroach fails to defend itself.
You hit the giant cockroach.
You kill the giant cockroach!
A hobgoblin comes into view.
A hobgoblin is nearby!
Found 5 boomerangs.
Are you sure you want to abandon this character and quit the game? (Confirm with "yes".)

####
####################...
#..........#...........
+......................
#.....)....#.#.........
#.....@....#.#.#.##....
........................
##...g......#.#.#....#..
#..........#.#.######.#
#..........#.#.........
#..........#.########..
#.........)#.## #..
.#(...........## ##.
#########..# ##


You could see a hobgoblin.

Vanquished Creatures
  An adder (D:2)
  3 dart slugs
  2 leopard geckos
  4 giant cockroaches (D:1)
  3 hobgoblins (D:2)
  3 bats (D:1)
  2 frilled lizards
  3 kobolds
  7 rats
28 creatures vanquished.

Notes
Turn   | Place    | Note
-------+----------+-------------------------------------------
     0 | D:1      | Exodus22XD the Demonspawn Gladiator began the quest for the
                  | Orb.
     0 | D:1      | Reached XP level 1. HP: 16/16 MP: 1/1
    74 | D:1      | Gained mutation: You have sharp toenails. [demonic
                  | ancestry]
    74 | D:1      | Reached XP level 2. HP: 10/22 MP: 2/2
   237 | D:1      | You fall into a shaft and drop 1 floor!
   316 | D:2      | Found a shadowy altar of Dithmenos.
   567 | D:2      | Gained mutation: When hurt, damage is shared between your
                  | health and your magic reserves. [demonic ancestry]
   567 | D:2      | Reached XP level 3. HP: 23/27 MP: 3/3
   973 | D:1      | Quit the game

Illustrated notes

Levels and vault maps discovered:
D:1:      heliophobic_arrival_ceremonial_halls, layout_basic
D:2:      layout_basic, lemuel_crystal_altar

Skill      XL: |  1  2 |
---------------+-------+-----
Polearms       | 3 |  3.4
Dodging        | 3 |  3.1
Fighting       | |  2.1
Throwing       | |  1.7
Armour         | |  0.5
Stealth        | |  0.4

Action                   || total
-------------------------++-------
Melee: Trident           ||    82
       Kick              ||    13
 Stab: Sleeping          ||     4
Armor: Leather armour    ||    16
Dodge: Dodged            ||    42
